 Dungeon Crawl Stone Soup version 0.24.0-3-g28a8eb0610 (webtiles) character file.

Game seed: 2119012209982428880, levelgen mode: deterministic

179 Acheron the Bolt Thrower (level 5, 0/32 HPs)
             Began as a Kobold Hunter on Nov 1, 2019.
             Slain by a crimson imp (2 damage)
             ... on level 5 of the Dungeon.
             The game lasted 00:13:44 (2733 turns).

Acheron the Bolt Thrower (Kobold Hunter)            Turns: 2733, Time: 00:13:45

Health: 0/32       AC: 10    Str: 11    XL:     5   Next: 90%
Magic:  5/5        EV:  7    Int: 12    God:
Gold:   45         SH:  4    Dex: 15    Spells: 4/4 levels left

rFire    . . .     SeeInvis .   a - +1 hand crossbow
rCold    . . .     Gourm    .   p - +0 buckler (curse)
rNeg     . . .     Faith    .   k - +0 shadow dragon scales
rPois    .         Spirit   .   j - +0 hat
rElec    .         Reflect  .   (no cloak)
rCorr    .         Harm     .   (no gloves)
MR       .....                  (no boots)
Stlth    +++.......             (no amulet)
HPRegen  0.10/turn              (no ring)
MPRegen  0.09/turn              (no ring)

@: no status effects
A: small, carnivore
a: no special abilities


You were on level 5 of the Dungeon.
You were very full.

You visited 1 branch of the dungeon, and saw 5 of its levels.

You collected 45 gold pieces.

Inventory:

Hand Weapons
 a - a +1 hand crossbow (weapon)
 b - a +0 short sword
 h - a +0 mace
Missiles
 d - 9 bolts (quivered)
 g - 42 stones
 q - 9 poisoned darts
Armour
 j - a +0 hat (worn)
 k - +0 shadow dragon scales (worn)
 p - a cursed +0 buckler (worn)
Jewellery
 e - an uncursed ring of magical power {unknown}
Scrolls
 i - a scroll of remove curse {unknown}
Potions
 c - a potion of agility {unknown}
 l - 3 potions of heal wounds
 m - a potion of haste {unknown}
 n - a potion of curing {unknown}
 o - a potion of mutation {unknown}
Comestibles
 f - 4 rations


   Skills:
 * Level 3.0 Fighting
 * Level 3.8 Short Blades
 + Level 5.6 Crossbows
 + Level 0.7 Armour
 * Level 3.2 Dodging
 * Level 2.5 Stealth
 + Level 0.2 Shields


You had 4 spell levels left.
You didn't know any spells.
Your spell library was empty.

Dungeon Overview and Level Annotations

Branches:
Dungeon (5/15)             Temple (0/1) D:5

Altars:
Hepliaklqana


Innate Abilities, Weirdness & Mutations

You are small and have problems with some larger weapons.
You are carnivorous and can eat meat at any time.


Message History

Aim: a crimson imp You shoot a bolt.
The bolt misses the crimson imp.
The crimson imp hits you but does no damage.
Firing (i - inventory. (/) - cycle)
d - 12 bolts (quivered)
Press: ? - help, Shift-Dir - straight line, f/p - crimson imp
Aim: a crimson imp You shoot a bolt.
The bolt hits the crimson imp!
The crimson imp is severely wounded.
The crimson imp hits you but does no damage.
Firing (i - inventory. (/) - cycle)
d - 11 bolts (quivered)
Press: ? - help, Shift-Dir - straight line, f/p - crimson imp
Aim: a crimson imp (severely wounded)
You shoot a bolt. The bolt misses the crimson imp.
The crimson imp hits you.
* * * LOW HITPOINT WARNING * * *
The crimson imp hits you but does no damage.
Firing (i - inventory. (/) - cycle)
d - 10 bolts (quivered)
Press: ? - help, Shift-Dir - straight line, f/p - crimson imp
Aim: a crimson imp (heavily wounded)
You shoot a bolt. The bolt misses the crimson imp.
The crimson imp hits you.
You die...

≈≈≈≈≈≈≈≈≈...#
≈≈≈≈≈≈≈≈≈.....#
.≈≈≈≈≈.......#
............#
#..########.# .###.#
###.# ......# #...#
##....5### #.###
...()..@.# #.#
##.....#(# #.#
#.....##.###.#########
#.##.# #.............#
# #. #.###.#######.#
.## ###.# #.# #.#
....#...# #.# #.#
#..#...###.# #.#
#........#.### #.#


You could see a crimson imp.

Vanquished Creatures
  A centaur (D:5)
  A hound zombie (D:5)
  A worker ant zombie (D:5)
  An adder (D:5)
  A shadow imp (D:2)
  A worm (D:2)
  A leopard gecko (D:2)
  3 giant cockroaches
  5 goblins
  4 hobgoblins
  8 jackals
  7 kobolds
  A ball python (D:2)
  6 bats
  3 frilled lizards
  A quokka skeleton (D:5)
  7 rats
52 creatures vanquished.

Notes
Turn   | Place    | Note
-------+----------+-------------------------------------------
     0 | D:1      | Acheron the Kobold Hunter began the quest for the Orb.
     0 | D:1      | Reached XP level 1. HP: 12/12 MP: 1/1
    77 | D:1      | Reached skill level 5 in Crossbows
   195 | D:2      | Reached XP level 2. HP: 17/17 MP: 2/2
   663 | D:2      | Reached XP level 3. HP: 18/22 MP: 3/3
   922 | D:3      | Found a hazy altar of Hepliaklqana.
  1944 | D:2      | Reached skill level 1 in Short Blades
  1944 | D:2      | Reached XP level 4. HP: 17/27 MP: 4/4
  2433 | D:5      | Entered Level 5 of the Dungeon
  2678 | D:5      | Reached XP level 5. HP: 31/31 MP: 5/5
  2704 | D:5      | Found a staircase to the Ecumenical Temple.
  2722 | D:5      | Noticed a centaur
  2729 | D:5      | Killed a centaur
  2732 | D:5      | HP: 1/32 [crimson imp (1)]
  2733 | D:5      | Slain by a crimson imp

Levels and vault maps discovered:
D:1:      mrwooster_arrival_arrow, layout_basic, kennysheep_boxes
D:2:      layout_rooms, minmay_ruptured
D:3:      layout_basic, lemuel_doored_altar, old_standard_altar,
          chequers_temple_overflow_statue_of_worship,
          nicolae_tso_carved_into_rock, first_ration,
          nicolae_gozag_zags_fifth_avenue, uniq_robin
D:4:      layout_loops_ring, grunt_temple_overflow_bloody_war, vehumet_crystals,
          serial_shops, shop_statue, nicolae_ossuary_entry_ruins, st_stairs_8
D:5:      layout_loops_ring, grunt_dithmenos_smoke_and_mirrors, temple_pool_b,
          saegor_snake_ambush

Skill      XL: |  1  2  3  4  5 |
---------------+----------------+-----
Crossbows      | 5 |  5.6
Short Blades   | 1 2 3 |  3.8
Dodging        | 3 |  3.2
Stealth        | 2 |  2.5
Fighting       | 3 |  3.0
Armour         | |  0.7
Shields        | |  0.2

Action                   |  1- 3 |  4- 6 || total
-------------------------+-------+-------++-------
Melee: Short sword       |   133 |    88 ||   221
 Fire: Hand crossbow     |    27 |     9 ||    36
  Use: Scroll            |     3 |       ||     3
 Stab: Sleeping          |     1 |       ||     1
  Eat: Chunk             |    12 |     2 ||    14
Armor: Leather armour    |     7 |       ||     7
       Scale mail        |    37 |       ||    37
       Shadow dragon sca |    13 |    65 ||    78
Dodge: Dodged            |    69 |    26 ||    95
Block: Buckler           |    16 |    15 ||    31
